 Dungeon Crawl Stone Soup version 0.29-a0-251-g80730f7218 (webtiles) character file.

Game seed: 11293971965725519957

58 bande the Covered (level 4, -3/29 HPs)
             Began as a Gargoyle Fighter on Mar 6, 2022.
             Slain by igorguim's ghost (8 damage)
             ... on level 3 of the Dungeon.
             The game lasted 00:04:22 (2614 turns).

bande the Covered (Gargoyle Fighter)                Turns: 2614, Time: 00:04:23

Health: -3/29      AC: 16    Str: 20    XL:     4   Next: 1%
Magic:  4/4        EV:  7    Int:  8    God:
Gold:   125        SH:  4    Dex: 11    Spells: 3/3 levels left

rFire   + . .      SeeInvis .   a - +0 war axe
rCold   . . .      Faith    .   c - +0 buckler
rNeg    + . .      Spirit   .   f - +0 chain mail
rPois   ∞          Reflect  .   (no helmet)
rElec   +          Harm     .   (no cloak)
rCorr   .          Rampage  .   n - +2 pair of gloves
Will    .....                   (no boots)
Stlth   ..........              (no amulet)
HPRegen 0.09/turn               b - ring of protection from fire
MPRegen 0.09/turn               (no ring)

@: no status effects
A: sickness immunity, AC +3, negative energy resistance 1, electricity
resistance, torment resistance 1, petrification resistance
a: no special abilities


You were on level 3 of the Dungeon.
You visited 1 branch of the dungeon, and saw 3 of its levels.

You collected 125 gold pieces.

Inventory:

Hand Weapons
 a - a +0 war axe (weapon)
Armour
 c - a +0 buckler (worn)
 f - a +0 chain mail (worn)
 n - a +2 pair of gloves (worn)
Jewellery
 b - a ring of protection from fire (left hand)
 m - an amulet of faith
Scrolls
 e - a scroll of amnesia
 g - a scroll of enchant weapon {unknown}
 h - 3 scrolls of identify
Potions
 d - a potion of might
 o - a potion of brilliance


   Skills:
 + Level 3.7 Fighting
 + Level 2.7 Axes
 + Level 4.0 Armour
 + Level 3.4 Shields


You had 3 spell levels left.
You didn't know any spells.
Your spell library contained the following spells:

 Spells                   Type           Power      Damage    Failure   Level
 Foxfire                  Conj/Fire      0%         2x1d4     99%         1
 Conjure Flame            Conj/Fire      0%         6-21      100%        3
 Ignite Poison            Fire/Tmut/Pois 0%         N/A       100%        3
 Mephitic Cloud           Conj/Pois/Air  0%         N/A       100%        3
 Sticky Flame             Conj/Fire      0%         2d3       100%        4
 Freezing Cloud           Conj/Ice/Air   0%         6-21      100%        5


Dungeon Overview and Level Annotations

Branches:
Dungeon (3/15)

Altars:
Ashenzari
Elyvilon
Ru
Trog
Xom

Annotations:
D:3 igorguim's ghost, weakling DsGl


Innate Abilities, Weirdness & Mutations

You are immune to sickness and miasma.
Your stone body is resilient. (AC +3)
You are immune to poison.
You resist negative energy. (rN+)
You are resistant to electric shocks. (rElec)
You are resistant to unholy torment.
You are immune to petrification.


Message History

You hit igorguim's ghost but do no damage.
Igorguim's ghost is moderately damaged.
Igorguim's ghost closely misses you.
You closely miss igorguim's ghost.
Igorguim's ghost is moderately damaged.
Igorguim's ghost hits you.
You closely miss igorguim's ghost.
Igorguim's ghost is moderately damaged.
Igorguim's ghost barely misses you.
Igorguim's ghost hits you but does no damage.
You hit igorguim's ghost but do no damage.
Igorguim's ghost is moderately damaged.
You block igorguim's ghost's attack.
You closely miss igorguim's ghost.
Igorguim's ghost is moderately damaged.
Igorguim's ghost hits you.
Igorguim's ghost hits you but does no damage.
You closely miss igorguim's ghost.
Igorguim's ghost is moderately damaged.
Igorguim's ghost barely misses you.
You barely miss igorguim's ghost.
Igorguim's ghost is moderately damaged.
Igorguim's ghost wails, "What do you have that I didn't have?"
Igorguim's ghost hits you but does no damage.
Igorguim's ghost closely misses you.
You closely miss igorguim's ghost.
Igorguim's ghost is moderately damaged.
Igorguim's ghost hits you.
* * * LOW HITPOINT WARNING * * *
You closely miss igorguim's ghost.
Igorguim's ghost is moderately damaged.
Igorguim's ghost hits you but does no damage.
You slash igorguim's ghost!
Igorguim's ghost is heavily damaged.
You block igorguim's ghost's attack. Igorguim's ghost hits you.
* * * LOW HITPOINT WARNING * * *
You closely miss igorguim's ghost.
Igorguim's ghost is heavily damaged.
Igorguim's ghost hits you!
You die...

#.######.###.......##.##.....
#.##>........###.####.##.....
#.##<######.####.............
#..#.# #.# #..[...........
##.#..# ###.# #.###.#.##.....
#.###.# #...# #.# #.#.##.###.
##.#..# #.#.#######.#.#...).[
##.#.# #...#.....#.#..#.##..
#.#.# #...@W≈≈≈$#...###....
#.#.# ##..#.....#..## ##...
#.#.# ##########.## ##..
#.#.###########.###.## ##.##
#.#..........##.####.###.###
#.##########..........#.##
#.#############.######.##
#...............# ###
#################


You could see igorguim's ghost.

Vanquished Creatures
  An adder (D:2)
  2 dart slugs (D:1)
  6 endoplasms
  3 giant cockroaches
  5 goblins
  A hobgoblin (D:2)
  2 quokkas
  11 ball pythons
  4 bats
  3 frilled lizards
  A kobold (D:1)
  3 rats (D:1)
42 creatures vanquished.

Notes
Turn   | Place    | Note
-------+----------+-------------------------------------------
     0 | D:1      | bande the Gargoyle Fighter began the quest for the Orb.
     0 | D:1      | Reached XP level 1. HP: 14/14 MP: 1/1
   106 | D:1      | Reached XP level 2. HP: 19/19 MP: 2/2
   678 | D:1      | Found a faded altar of an unknown god.
   681 | D:1      | Reached XP level 3. HP: 24/24 MP: 3/3
   957 | D:2      | Found a broken altar of Ashenzari.
  1121 | D:2      | Got the Volume of Flames
  1467 | D:2      | Reached skill level 4 in Armour
  2079 | D:3      | Reached XP level 4. HP: 29/29 MP: 4/4
  2334 | D:3      | Found a runed translucent door.
  2516 | D:3      | Found a sparkling altar of Nemelex Xobeh.
  2519 | D:3      | Found a bloodstained altar of Trog.
  2519 | D:3      | Found a sacrificial altar of Ru.
  2521 | D:3      | Found a shimmering altar of Xom.
  2521 | D:3      | Found a broken altar of Ashenzari.
  2521 | D:3      | Found a white marble altar of Elyvilon.
  2592 | D:3      | Noticed igorguim's ghost (weakling DsGl)
  2614 | D:3      | Slain by igorguim's ghost

Illustrated notes

Levels and vault maps discovered:
D:1:      dpeg_arrival_tiny_i, layout_loops_ring,
          dreamdust_ecumenical_altar_grove
D:2:      layout_basic, basic_altar, minmay_splitting_lines,
          small_statue_intersection, roderic_roman_lattice, grunt_decor_cap,
          minmay_pentomino_r2
D:3:      layout_loops_ring, doesnt_xom_only_xom, ebering_ghost_reflecting_pool,
          grunt_decor_one_mirror

Skill      XL: |  1  2  3 |
---------------+----------+-----
Axes           | 2 |  2.7
Armour         | 4 |  4.0
Fighting       | |  3.7
Shields        | |  3.4

Action                   |  1- 3 |  4- 6 || total
-------------------------+-------+-------++-------
Melee: War axe           |    94 |    19 ||   113
  Use: Scroll            |     8 |       ||     8
Armor: Scale mail        |     6 |       ||     6
       Chain mail        |    50 |     9 ||    59
Dodge: Dodged            |    47 |     9 ||    56
Block: Buckler           |    23 |     4 ||    27

Table legend: (Time is in decaauts)
 A = Elapsed time spent in this place.
 B = Non-inter-level travel time spent in this place.
 C = Inter-level travel time spent in this place.
 D = Time resting spent in this place.
 E = Time spent auto-exploring this place.
 F = Levels seen in this place.
 G = Mean time per level.
                   A        B        C        D        E       F      G
               +--------+--------+--------+--------+--------+-----+--------+
         Total |   2661 |   2645 |     16 |      0 |   2283 |   3 |  887.0 |
       Dungeon |   2661 |   2645 |     16 |      0 |   2283 |   3 |  887.0 |
               +--------+--------+--------+--------+--------+-----+--------+

Top non-repeatable levels by time:
     D:1: 978 daAuts
     D:2: 935 daAuts
     D:3: 748 daAuts
